 Dungeon Crawl Stone Soup version 0.25-a0-185-g6cfeca75b2 (webtiles) character file.

Game seed: 1848221930975494028, levelgen mode: deterministic

8438 Gargoyl the Slicer (level 11, -3/91 HPs)
             Began as a Centaur Abyssal Knight on Nov 28, 2019.
             Was a High Priest of Lugonu.
             Slain by a manticore (16 damage)
             ... on level 11 of the Dungeon.
             The game lasted 00:18:33 (12779 turns).

Gargoyl the Slicer (Centaur Abyssal Knight)        Turns: 12779, Time: 00:18:34

Health: -3/91      AC: 16    Str: 17    XL:     11   Next: 9%
Magic:  16/16      EV:  4    Int: 11    God:    Lugonu [*****.]
Gold:   636        SH:  8    Dex: 10    Spells: 10/10 levels left

rFire    + . .     SeeInvis .   d - +4 rapier of the Equator {venom, rF+}
rCold    . . .     Gourm    .   B - +0 shield
rNeg     . . .     Faith    .   H - +0 plate armour
rPois    .         Spirit   .   u - +1 helmet
rElec    .         Reflect  .   m - +0 cloak
rCorr    +         Harm     .   i - +0 pair of gloves
MR       +....                  (no barding)
Stlth    ..........             G - amulet of regeneration
HPRegen  0.65/turn              n - ring of protection from magic
MPRegen  0.15/turn              l - ring of resist corrosion

@: very quick
A: large, hooves 3, deformed body, speed 2, tough skin 3, no potion heal 1,
sturdy frame 1
a: Depart the Abyss, Bend Space, Banish, Corrupt, Enter the Abyss, Renounce
Religion


You were on level 11 of the Dungeon.
You worshipped Lugonu.
Lugonu was extremely pleased with you.
You were hungry.

You visited 1 branch of the dungeon, and saw 11 of its levels.
You visited the Abyss 1 time.

You collected 636 gold pieces.

Inventory:

Hand Weapons
 a - a +2 hand axe
 d - the +4 rapier of the Equator (weapon) {venom, rF+}
   (You found it on level 2 of the Abyss)

   It poisons the flesh of those it strikes.
   It protects you from fire.
Missiles
 p - 6 boomerangs (quivered)
Armour
 i - a +0 pair of gloves (worn)
 m - a +0 cloak (worn)
 u - a +1 helmet (worn)
 B - a +0 shield (worn)
 H - a +0 plate armour (worn)
Jewellery
 l - a ring of resist corrosion (right hand)
 n - a ring of protection from magic (left hand)
 t - an uncursed ring of flight
 G - an amulet of regeneration (around neck)
Wands
 q - a wand of iceblast (12)
 r - a wand of acid (6)
 w - a wand of enslavement (12)
 y - a wand of clouds (6)
Scrolls
 e - 3 scrolls of identify
 f - 5 scrolls of teleportation
 x - 2 scrolls of fog
 C - 2 scrolls of magic mapping
 F - 4 scrolls of remove curse
Potions
 b - 4 potions of brilliance
 g - a potion of might
 h - a potion of ambrosia
 j - 6 potions of curing
 k - a potion of berserk rage
 s - 3 potions of flight
 z - 2 potions of resistance
 A - 2 potions of invisibility
 D - 3 potions of lignification {unknown}
 E - a potion of haste
 J - a potion of magic {unknown}
 K - a potion of heal wounds {unknown}
Comestibles
 c - 32 rations
 o - 2 chunks of flesh


   Skills:
 + Level 6.4 Fighting
 + Level 8.2 Short Blades
 - Level 2.0 Axes
 + Level 1.6 Throwing
 * Level 7.0 Armour
 * Level 4.8 Dodging
 + Level 3.0 Shields
 * Level 7.3 Invocations


You had 10 spell levels left.
You didn't know any spells.
Your spell library contained the following spells:

 Spells                   Type           Power        Failure   Level  Hunger
 Corona                   Hex            #......      100%        1    ##.....
 Flame Tongue             Conj/Fire      #....        100%        1    ##.....
 Summon Butterflies       Summ           #.......     100%        1    ##.....
 Ensorcelled Hibernation  Hex/Ice        #.....       100%        2    ###....
 Throw Flame              Conj/Fire      #.....       100%        2    ###....
 Call Canine Familiar     Summ           #.......     100%        3    ####...
 Confuse                  Hex            #.......     100%        3    ####...
 Conjure Flame            Conj/Fire      #.......     100%        3    ####...
 Dazzling Spray           Conj/Hex       #.....       100%        3    ####...
 Inner Flame              Hex/Fire       #.......     100%        3    ####...
 Tukima's Dance           Hex            #.......     100%        3    ####...
 Sticky Flame             Conj/Fire      #.......     100%        4    #####..
 Summon Ice Beast         Ice/Summ       #.......     100%        4    #####..
 Fireball                 Conj/Fire      #.........   100%        5    ######.
 Summon Mana Viper        Hex/Summ       #.......     100%        5    ######.
 Summon Hydra             Summ           #.........   100%        7    #######


Dungeon Overview and Level Annotations

Branches:
Dungeon (11/15)            Temple (0/1) D:7
   Lair: D:8-11         Orc: D:9-12

Altars:
Ashenzari
Cheibriados
Dithmenos
Gozag
Hepliaklqana
Kikubaaqudgha
Makhleb
Okawaru
Qazlal
Sif Muna
Wu Jian

Shops:
D:5 (

Annotations:
D:5 2 transporters, mokwee's ghost, novice MiFi
D:11 1 transporter


Innate Abilities, Weirdness & Mutations

You have hooves in place of feet.
Armour fits poorly on your strangely shaped body.
You cover ground very quickly.
You have extremely tough skin. (AC +3)
Potions are less effective at restoring your health.
Your movements are slightly less encumbered by armour. (ER -2)


Message History

You hit the manticore.
The manticore looks as sick as possible!
Your kick misses the manticore.
The manticore is heavily wounded.
You carefully extract the barbed spikes from your body.
You block the manticore's attack.
The manticore claws you but does no damage.
The manticore claws you.
* * * LOW HITPOINT WARNING * * *
Your system partially rejects the healing.
You feel better. The manticore bites you!
* * * LOW HITPOINT WARNING * * *
The manticore claws you but does no damage.
You block the manticore's attack.
Your system partially rejects the healing.
You feel better. You block the manticore's attack.
The manticore barely misses you. x2
Your system partially rejects the healing.
You feel better. The manticore bites you!
You die...

.........#
##...P..P..P..
#.###...)##
#..P..P.PP..
.......))##
#...P.....P
⌠.⌠#####..#
#.....P.... .
#(oH##.##
##.#..)...# #}$$
#..# ##..[...
##u####?# #...##..
.O...#H# #.######
uY#..©#@# ## #
#.###.##.# #.#
...#.O#..## #.#
...u.Z#...# #.#
.###.#...# #.#
......##..#### #.#
...#...#.....###.#
#. ##..#.#....##.#
H..#......##.#


You could see a manticore.

Vanquished Creatures
  A two-headed ogre (D:8)
  A deep elf mage (D:9)
  A manticore (D:11)
  A centaur skeleton (D:11)
  3 trolls
  Eustachio (D:4)
  5 yaks (D:10)
  A spriggan (D:10)
  A steam dragon (D:10)
  A hungry ghost (D:9)
  5 orc warriors
  5 sky beasts
  2 ice beasts
  3 black bears
  A necrophage (D:10)
  2 phantoms (D:8)
  2 centaurs
  6 ogres
  A crocodile (D:11)
  A big kobold (D:7)
  8 bullfrogs
  4 scorpions
  4 wights (D:8)
  6 crimson imps
  A quasit (D:7)
  5 jellies
  A bullfrog zombie (D:11)
  7 orc priests
  Crazy Yiuf (D:3)
  3 hounds
  An iron imp (Abyss:2)
  8 orc wizards
  A bullfrog skeleton (D:5)
  Ijyb (D:3)
  Natasha (thrice) (D:2)
  An iguana (D:4)
  4 worker ants
  2 hound zombies
  A hound skeleton (D:4)
  A mummy (D:5)
  A worker ant zombie (D:10)
  Robin (D:4)
  6 gnolls
  11 adders
  2 shadow imps (D:8)
  An adder skeleton (D:4)
  An adder zombie (D:5)
  2 worms
  4 dart slugs
  5 leopard geckos
  29 orcs
  4 bats
  6 giant cockroaches
  8 hobgoblins
  10 jackals
  17 kobolds
  3 quokkas
  A frilled lizard (D:5)
  21 goblins
  A leopard gecko skeleton (D:7)
  9 rats
250 creatures vanquished.

Vanquished Creatures (others)
  A jackal (D:10)
  37 fungi (D:11)
  14 plants (D:11)
  2 starspawn tentacles (Abyss:1)
54 creatures vanquished.

Grand Total: 304 creatures vanquished

Notes
Turn   | Place    | Note
-------+----------+-------------------------------------------
     0 | Abyss:1  | Gargoyl the Centaur Abyssal Knight began the quest for the
                  | Orb.
     0 | Abyss:1  | Reached XP level 1. HP: 19/19 MP: 2/2
   118 | Abyss:1  | Noticed a wight
   118 | Abyss:1  | Noticed a tentacled starspawn
   127 | Abyss:2  | Found a corrupted altar of Lugonu.
   139 | Abyss:2  | Got a jewelled rapier
   140 | Abyss:2  | Identified the +4 rapier of the Equator {venom, rF+} (You
                  | found it on level 2 of the Abyss)
   159 | Abyss:2  | Noticed an iron imp
   166 | Abyss:2  | Killed an iron imp
   166 | Abyss:2  | Reached XP level 2. HP: 14/27 MP: 3/3
   192 | Abyss:2  | Noticed a green death
   205 | Abyss:2  | Found an ornate altar of the Wu Jian Council.
   223 | Abyss:2  | Noticed a blizzard demon
   226 | D:1      | Escaped the Abyss
   237 | D:1      | Reached XP level 3. HP: 23/33 MP: 2/4
   473 | D:1      | Reached * piety under Lugonu
  1130 | D:2      | Reached skill level 1 in Dodging
  1279 | D:2      | Reached skill level 1 in Short Blades
  1279 | D:2      | Reached XP level 4. HP: 40/40 MP: 5/5
  1327 | D:2      | Found an opulent altar of Gozag.
  1352 | D:2      | Reached ** piety under Lugonu
  1482 | D:2      | Reached XP level 5. HP: 35/46 MP: 5/7
  1718 | D:2      | Noticed a centaur
  1728 | D:2      | Killed a centaur
  1728 | D:2      | Reached skill level 2 in Short Blades
  1860 | D:2      | Found an iron altar of Okawaru.
  1889 | D:2      | Noticed Natasha
  1896 | D:2      | Killed Natasha
  2057 | D:2      | Noticed Natasha
  2063 | D:2      | Killed Natasha
  2063 | D:2      | Reached XP level 6. HP: 51/52 MP: 8/8
  2219 | D:2      | Noticed Natasha
  2228 | D:2      | Killed Natasha
  2612 | D:3      | Found a runed translucent door.
  2613 | D:3      | Noticed Crazy Yiuf
  2736 | D:3      | Noticed Ijyb
  2746 | D:3      | Killed Ijyb
  2882 | D:3      | You fall into a shaft and drop 3 floors!
  2886 | D:5      | Entered Level 5 of the Dungeon
  2903 | D:4      | Reached skill level 3 in Short Blades
  2925 | D:4      | Noticed Robin
  2937 | D:4      | Killed Robin
  3223 | D:4      | Reached *** piety under Lugonu
  3255 | D:4      | Found a stormy altar of Qazlal.
  3285 | D:4      | Noticed Eustachio
  3308 | D:4      | Killed Eustachio
  3308 | D:4      | Reached XP level 7. HP: 60/60 MP: 9/9
  3469 | D:4      | Found a shattered altar of Ashenzari.
  4128 | D:3      | Killed Crazy Yiuf
  4342 | D:5      | Found a shimmering blue altar of Sif Muna.
  4342 | D:5      | Found an ancient bone altar of Kikubaaqudgha.
  4909 | D:6      | Reached skill level 4 in Short Blades
  4974 | D:6      | Found a burning altar of Makhleb.
  5259 | D:5      | Found a transporter.
  5259 | D:5      | Found a transporter.
  5260 | D:5      | Noticed mokwee's ghost (novice MiFi)
  5262 | D:5      | Identified the +7 great mace of the Postmodern Spirits
                  | {freeze, +Rage rPois Str-2}
  5352 | D:5      | Reached XP level 8. HP: 57/67 MP: 11/11
  5399 | D:5      | Found Qyum's Antique Weapon Emporium.
  6053 | D:6      | Reached skill level 5 in Short Blades
  6141 | D:7      | Found a staircase to the Ecumenical Temple.
  6477 | D:7      | Reached skill level 1 in Shields
  6485 | D:7      | Reached skill level 5 in Fighting
  6619 | D:7      | Found an ornate altar of the Wu Jian Council.
  6842 | D:7      | Reached skill level 5 in Invocations
  6908 | D:7      | Reached **** piety under Lugonu
  7078 | D:7      | Reached skill level 6 in Short Blades
  7152 | D:7      | Reached XP level 9. HP: 73/74 MP: 12/12
  7266 | D:8      | Noticed a two-headed ogre
  7290 | D:8      | Killed a two-headed ogre
  7547 | D:8      | Reached skill level 5 in Armour
  7789 | D:8      | Found a hazy altar of Hepliaklqana.
  7934 | D:8      | Reached skill level 1 in Throwing
  8523 | D:8      | Found a snail-covered altar of Cheibriados.
  8581 | D:9      | You fall into a shaft and drop 1 floor!
  8581 | D:10     | Entered Level 10 of the Dungeon
  8616 | D:10     | Reached skill level 7 in Short Blades
  8855 | D:10     | Noticed a troll
  8866 | D:10     | Killed a troll
  8866 | D:10     | Reached XP level 10. HP: 70/82 MP: 14/14
 10278 | D:9      | Gained mutation: Potions are less effective at restoring
                  | your health. [potion of mutation]
 10278 | D:9      | Gained mutation: Your movements are slightly less
                  | encumbered by armour. (ER -2) [potion of mutation]
 10522 | D:9      | Noticed a deep elf mage
 10533 | D:9      | Killed a deep elf mage
 10881 | D:9      | Found a shadowy altar of Dithmenos.
 11268 | D:10     | Identified the +6 halberd of Fortitude {pain, rF- MR++}
 11600 | D:10     | Got a translucent flail
 11601 | D:10     | Identified the +5 flail of Isosm {venom, *Slow +Rage rN++
                  | Str+2} (You found it on level 10 of the Dungeon)
 11760 | D:10     | Reached ***** piety under Lugonu
 12348 | D:11     | Reached skill level 8 in Short Blades
 12615 | D:11     | Noticed a two-headed ogre
 12615 | D:11     | Noticed a moth of wrath
 12616 | D:11     | Found a transporter.
 12617 | D:11     | Noticed a two-headed ogre
 12618 | D:11     | Noticed a two-headed ogre
 12618 | D:11     | a moth of wrath changed into a two-headed ogre
 12619 | D:11     | Noticed a brown ugly thing
 12620 | D:11     | Noticed a manticore
 12650 | D:11     | Reached XP level 11. HP: 51/89 MP: 16/16
 12752 | D:11     | Noticed a green ugly thing
 12777 | D:11     | HP: 3/91 [manticore (13)]
 12779 | D:11     | Slain by a manticore

Levels and vault maps discovered:
D:1:      onia_arrival_pyramid, layout_loops_ring
D:2:      layout_loops_ring, okawaru_metal_pillars_1_2,
          overflow_temple_1_default, uniq_natasha
D:3:      layout_basic, first_ration, chequers_mini_garden, uniq_ijyb,
          uniq_crazy_yiuf_cottage
D:4:      layout_cave_pods, grunt_qazlal_sundering, lemuel_doored_altar,
          uniq_eustachio, uniq_robin
D:5:      minmay_recursive_quarters, layout_basic,
          gammafunk_temple_overflow_wave, serial_shops, kennysheep_mini,
          gammafunk_ghost_smash, gup_ossuary_entry_pyramid
D:6:      layout_gridville, old_standard_altar
D:7:      layout_rooms, kennysheep_little_box, minmay_temple_entry_butterflies
D:8:      layout_loops_ring, lemuel_round_altar, overflow_temple_1_default
D:9:      layout_basic, marbit_many_paths, st_stairs_9
D:10:     layout_loops_cross, hangedman_stone_soup
D:11:     gammafunk_the_bubble [the_bubble_gammafunk_plus_minus],
          layout_cave_pods, due_lair_maze_entry_diamond

Skill      XL: |  1  2  3  4  5  6  7  8  9 10 11 |
---------------+----------------------------------+-----
Axes           | 2 |  2.0
Fighting       | 4 5 6 |  6.4
Dodging        | 1 2 3 4 |  4.8
Short Blades   | 1 2 3 4 6 7 8 |  8.2
Armour         | 2 3 4 5 6 7 |  7.0
Invocations    | 3 4 5 6 7 |  7.3
Shields        | 1 2 3 |  3.0
Throwing       | 1 |  1.6

Action                   |  1- 3 |  4- 6 |  7- 9 | 10-12 || total
-------------------------+-------+-------+-------+-------++-------
Melee: Rapier            |    55 |   157 |   361 |   265 ||   838
       Kick              |     7 |    30 |    68 |    62 ||   167
Throw: Boomerang         |       |     4 |    19 |     4 ||    27
Invok: Depart the Abyss  |     1 |       |       |       ||     1
  Use: Scroll            |     4 |     7 |     5 |    13 ||    29
       Potion            |       |       |       |     4 ||     4
  Eat: Chunk             |       |     6 |    11 |     5 ||    22
       Ration            |       |       |     1 |     3 ||     4
Armor: Leather armour    |     2 |       |       |       ||     2
       Ring mail         |    18 |    36 |       |       ||    54
       Chain mail        |       |    51 |   112 |       ||   163
       Plate armour      |       |       |    98 |   157 ||   255
Dodge: Dodged            |    18 |    51 |    30 |    38 ||   137
Block: Shield            |       |       |    92 |   105 ||   197

Table legend:
 A = Non-vault XP
 B = Vault XP
 C = Vault XP percentage of total XP
 D = Non-vault monster count
 E = Vault monster count
 F = Vault count percentage of total count
                 A         B        C        D         E       F
            +---------+---------+-------+---------+---------+-------
      Total |   10502 |    1553 |  12.9 |     214 |      37 |  14.7
            +---------+---------+-------+---------+---------+-------
        D:1 |      44 |       0 |   0.0 |      24 |       0 |   0.0
        D:2 |     314 |      35 |  10.0 |      35 |       1 |   2.8
        D:3 |      78 |      76 |  49.4 |      17 |       2 |  10.5
        D:4 |     103 |     252 |  71.0 |       5 |      14 |  73.7
        D:5 |     368 |     124 |  25.2 |      19 |       7 |  26.9
        D:6 |     283 |       0 |   0.0 |      13 |       0 |   0.0
        D:7 |    1103 |       0 |   0.0 |      26 |       0 |   0.0
        D:8 |    2285 |       0 |   0.0 |      23 |       0 |   0.0
        D:9 |    1611 |     159 |   9.0 |      15 |       3 |  16.7
       D:10 |    2307 |     369 |  13.8 |      22 |       4 |  15.4
       D:11 |    1966 |     538 |  21.5 |      14 |       6 |  30.0
    Abyss:2 |      40 |       0 |   0.0 |       1 |       0 |   0.0
            +---------+---------+-------+---------+---------+-------
